 Dungeon Crawl Stone Soup version 0.11.3 (webtiles) character file.

217 Banto the Changer (level 4, -7/28 HPs)
             Began as a Sludge Elf Stalker on July 31, 2020.
             Killed from afar by Ijyb (8 damage)
             ... with a wand of fire
             ... on Level 3 of the Dungeon.
             The game lasted 00:07:05 (3824 turns).

Banto the Changer (Sludge Elf Stalker)              Turns: 3824, Time: 00:07:05

HP  -7/28        AC  5     Str 10      XL: 4   Next: 28%
MP   4/6         EV 12     Int 13      God:
Gold 143         SH  0     Dex 19      Spells:  2 memorised,  2 levels left

Res.Fire  : . . .   See Invis. : .   a - +3,+2 elf dagger {=f}
Res.Cold  : + . .   Warding    : .   m - +0 leather armour
Life Prot.: . . .   Conserve   : .   (no shield)
Res.Poison: .       Res.Corr.  : .   (no helmet)
Res.Elec. : .       Clarity    : .   u - +0 dwarf cloak (curse)
Sust.Abil.: . .     Spirit.Shd : .   (no gloves)
Res.Mut.  : .       Stasis     : .   B - +0 pair of orc boots
Res.Rott. : .       Ctrl.Telep.: .   (no amulet)
Saprovore : . . .   Levitation : .   C - cursed ring of protection from cold {unkno Ctrl.Flight: . t - +2 ring of dexterity

@: confused, slightly resistant to hostile enchantments, very unstealthy
A: no striking features
a: no special abilities


You were on level 3 of the Dungeon.
You were hungry.

You visited 1 branch of the dungeon, and saw 4 of its levels.

You collected 123 gold pieces.

Inventory:

Hand weapons
 a - a +3,+2 elven dagger (weapon) {=f}
 b - a +0 blowgun
Missiles
 h - 11 exploding darts
 p - a dart of frost (quivered)
Armour
 m - a +0 leather armour (worn)
 u - a cursed +0 dwarven cloak (worn)
 B - a +0 pair of orcish boots (worn)
Magical devices
 y - a wand of cold (7) {unknown}
Comestibles
 c - a meat ration
 f - 4 bread rations
 o - 3 chokos
 v - a royal jelly
 w - a rotting chunk of rat flesh
 x - a pear
Scrolls
 j - 2 scrolls of remove curse
 n - 2 scrolls of teleportation
 s - a scroll of curse jewellery
 A - a scroll of fog
Jewellery
 t - a +2 ring of dexterity (left hand)
 C - a cursed ring of protection from cold (right hand) {unknown}
Potions
 e - 9 potions of confusion
 g - 5 potions of poison
 i - a potion of speed
 k - a potion of paralysis
 l - 2 potions of magic
 z - 2 potions of curing
 E - a potion of brilliance {unknown}
Books
 d - a book of Stalking

   Spells                             Type                      Level
   *Fulsome Distillation              Transmutation/Necromancy     1
   *Evaporate                         Fire/Transmutation           2
   Passwall                           Transmutation/Earth          3
   Petrify                            Transmutation/Earth          4
   Dig                                Transmutation/Earth          4


   Skills:
 - Level 1.1 Fighting
 - Level 0.8 Short Blades
 - Level 2.4 Dodging
 + Level 2.5 Stealth
 + Level 3.2 Stabbing
 - Level 1.2 Spellcasting
 + Level 4.5 Transmutations


You had 2 spell levels left.
You knew the following spells:

 Your Spells              Type           Power        Failure   Level  Hunger
a - Fulsome Distillation  Trmt/Necr      N/A          14%         1    ##.....
b - Evaporate             Fire/Trmt      ##.....      21%         2    ###....


Dungeon Overview and Level Annotations

Branches:
Dungeon (4/27)
 Temple: D:4-7

Altars:
Zin

Annotations
D:3 Ijyb


Message History

You feel less confused.
Ijyb is engulfed in noxious fumes.
Ijyb barely misses you.
Really attack while wielding your uncursed blowgun? [Y]es or [N]o only, please.
Really attack while wielding your uncursed blowgun?
Unknown command.
Wield which item (- for none, * to show all)? (? for menu, Esc to quit)
a - a +3,+2 elven dagger (weapon)
{=f} You are engulfed in noxious fumes.
You choke on the stench!
You are confused.
* * * LOW HITPOINT WARNING * * *
Ijyb is engulfed in noxious fumes.
Ijyb appears confused.
You are engulfed in noxious fumes.
You choke on the stench!
You are more confused.
Ijyb is engulfed in noxious fumes.
Ouch! You are engulfed in noxious fumes.
You choke on the stench!
You are more confused.
* * * LOW HITPOINT WARNING * * *
Ijyb zaps a wand.
The bolt of fire hits you!
You die...

...####.#.####.....#..#
##........####.....#..########
...................#.........#
#######.#############.#....#.####
......#..................#.#.#...
#####.#.............#.##...#.#)##
...##.#.###########.#.#....#.#.#
....#.#.# ####.#.#..#.#.#.#
###.#.#.# #@##.#.####.#.#.##
........# #g##........#....^
##.##.### #ยง####.##)..###.#.
##....# #(...#.##[......#.
.#...######## ####.#.##....####.
............## ####.#............
....#.#####..# #....########.####
...#..# #....# #.###########.# #
##.#..###.#..###.#...........####


You could see Ijyb (confused).

Vanquished Creatures
  2 adders (D:2)
  2 giant geckos
  An ooze (D:1)
  A ball python (D:2)
  A giant cockroach (D:1)
  10 goblins
  3 hobgoblins
  9 bats
  3 giant newts
  11 kobolds
  7 rats
50 creatures vanquished.

Vanquished Creatures (others)
  A hobgoblin (D:2)
1 creature vanquished.

Grand Total: 51 creatures vanquished

Notes
Turn   | Place    | Note
--------------------------------------------------------------
     0 | D:1      | Banto, the Sludge Elf Stalker, began the quest for the Orb.
     0 | D:1      | Reached XP level 1. HP: 13/13 MP: 1/1
   186 | D:1      | Reached skill level 3 in Transmutations
   228 | D:1      | Reached XP level 2. HP: 16/18 MP: 3/3
   438 | D:1      | Learned a level 2 spell: Evaporate
  1190 | D:2      | Reached XP level 3. HP: 3/23 MP: 4/4
  1615 | D:2      | Reached skill level 4 in Transmutations
  1968 | D:2      | Found a glowing silver altar of Zin.
  1969 | D:2      | Noticed a glowing angel
  2199 | D:2      | Reached XP level 4. HP: 18/28 MP: 6/6
  2360 | D:2      | HP: 1/28 [poisoned by a kobold]
  3506 | D:4      | Noticed Ijyb
  3516 | D:4      | HP: 1/28 [Ijyb/wand of fire (18)]
  3824 | D:3      | HP: 1/28 [you] (2)]
  3824 | D:3      | Killed from afar by Ijyb
